Map: Kairos Junction LE

Players

RauLoKo - Winner!

  • Race: Protoss Protoss
  • League: Platinum
  • Spawn Location: 5:00

Parkkatz

  • Race: Zerg Zerg
  • League: Platinum
  • Spawn Location: 11:00

VOD

Have the link to the VOD?

Description

Time

  • Played on: July 4, 2019, 5:42 p.m.
  • Length: 4:13
Show
View Real Time Build Order
Export as new Build Order

RauLoKo Protoss - Winner!

Build Orders:  

Get SALT Encoding   

  12  0:02  Probe  
  13  0:14  Probe  
  14  0:22  Pylon  
  14  0:26  Probe  
  15  0:36  Pylon  
  15  0:37  Probe  
  16  0:45  Probe  
  17  0:54  Probe  
  17  0:56  Gateway  
  18  1:06  Gateway  
  18  1:18  Gateway  
  18  1:26  Gateway  
  18  1:35  Gateway  
  18  1:44  Zealot  
  18  1:45  Zealot  
  20  1:48  Pylon  
  22  1:57  Zealot  
  24  2:14  Zealot  
  24  2:15  Zealot  
  28  2:18  Zealot  
  30  2:25  Zealot  
  32  2:30  Zealot  
  34  2:41  Zealot  
  34  2:44  Pylon  
  36  2:49  Zealot  
  36  2:59  Zealot  
  36  3:02  Zealot  
  40  3:10  Pylon  
  40  3:13  Zealot  
  40  3:19  Zealot  
  44  3:26  Zealot  
  44  3:37  Zealot  
  44  3:40  Zealot  
  48  3:44  Zealot  
Show
View Real Time Build Order
Export as new Build Order

Parkkatz Zerg 

Build Orders: Hatch First 

Get SALT Encoding   

  12  0:01  Drone  
  13  0:13  Overlord  
  13  0:20  Drone  
  14  0:32  Drone  
  14  0:33  Drone  
  16  0:36  Drone  
  17  0:48  Drone  
  18  0:58  Hatchery  
  18  1:02  Drone, Extractor  
  17  1:16  Spawning Pool  
  16  1:19  Drone  
  16  1:22  Drone  
  18  1:31  Drone  
  19  1:40  Overlord  
  19  2:05  Zergling x4  
  19  2:06  Queen  
  23  2:10  Queen  
  23  2:11  Zergling x2  
  26  2:16  Metabolic Boost  
  26  2:26  Zergling x6  
  28  2:37  Spine Crawler  
  28  2:39  Roach Warren  
  22  3:01  Overlord, Queen  
  22  3:02  Drone  
  22  3:03  Drone  
  26  3:18  Overlord  
  26  3:24  Spine Crawler  
  26  3:26  Roach  
  24  3:28  Roach  
  26  3:37  Zergling x4  
  21  3:51  Roach  
  21  3:52  Roach  
Tags
 
Add a new tag
Caveats
  • Supply blocks, unpowered buildings, or Contaminate may cause inaccurate times.
  • Supply counts are checked every 10 seconds.